 Dungeon Crawl Stone Soup version 0.20-a0-9-g62d82d9 (webtiles) character file.

18471 Atenerus the Geomancer (level 12, -5/106 HPs)
             Began as a Gargoyle Earth Elementalist on Nov 1, 2016.
             Was a Believer of Vehumet.
             Slain by a tyrant leech (16 damage)
             ... on level 3 of the Lair of Beasts.
             The game lasted 00:52:47 (17580 turns).

Atenerus the Geomancer (GrEE)                      Turns: 17580, Time: 00:52:48

Health: -5/106     AC: 26    Str: 11    XL:     12   Next: 58%
Magic:  35/35      EV:  2    Int: 22    God:    Vehumet [**....]
Gold:   864        SH:  3    Dex: 14    Spells: 3 memorised, 23 levels left

rFire  . . .     SeeInvis .     y - +5 hand axe (elec)
rCold  . . .     Gourm    .     (armour currently unavailable)
rNeg   + + +     Faith    .     (no shield)
rPois  ∞         Spirit   .     (helmet currently unavailable)
rElec  .         Reflect  +     (cloak currently unavailable)
rCorr  .         Harm     .     (gloves currently unavailable)
MR     +++..     NoTele   +     (boots currently unavailable)
Stlth  ++........               P - +3 amulet of reflection
                                A - ring of the Aged Hells {rPois MR++ MP+9 Str-2 Dex+4}
                                r - ring of protection from magic

@: tree-form (expiring)
A: clever 1, negative energy resistance 1, (electricity resistance),
(unbreathing), petrification resistance, rot immunity, AC +8
a: Renounce Religion


You were on level 3 of the Lair of Beasts.
You worshipped Vehumet.
Vehumet was pleased with you.
You were not hungry.
You were a tree.
You visited 3 branches of the dungeon, and saw 14 of its levels.
You also visited: Ossuary.

You collected 864 gold pieces.

Inventory:

Hand Weapons
 c - a +3 trident of protection
 s - a +0 mace
 y - a +5 hand axe of electrocution (weapon)
 O - the +5 spear of Eternal Vigilance {protect, rPois rC+ SInv}
   (You found it on level 9 of the Dungeon)

   It protects the one who uses it against injury (+AC on strike).
   It protects you from cold.
   It protects you from poison.
   It lets you see invisible.
Missiles
 b - 351 stones (quivered)
Armour
 o - a +0 cloak (melded)
 C - a +1 helmet (melded)
 T - a +2 robe of resistance (melded)
Magical Staves
 q - an uncursed staff of earth
Jewellery
 j - an uncursed ring of positive energy
 r - a ring of protection from magic (left branch)
 t - an uncursed ring of protection from cold
 x - an uncursed ring of protection from cold
 A - the ring of the Aged Hells (right branch) {rPois MR++ MP+9 Str-2 Dex+4}
   (You found it on level 2 of the Lair of Beasts)

   [ring of magical power]

   It affects your strength (-2).
   It affects your dexterity (+4).
   It protects you from poison.
   It affects your resistance to hostile enchantments.
   It affects your magic capacity (+9).
 L - an uncursed ring of wizardry
 P - a +3 amulet of reflection (around neck)
 R - an uncursed amulet of the gourmand
Wands
 f - a wand of iceblast (7/15)
 i - a wand of flame (35/48)
 l - a wand of flame (17/48)
 m - a wand of iceblast (5/15)
 u - a wand of lightning (0/15)
 w - a wand of slowing (18/48)
 D - a wand of random effects (31/48)
 M - a wand of flame (1/48)
 N - a wand of slowing (5/48)
 Q - a wand of digging (16/24)
Scrolls
 k - 5 scrolls of identify
 n - a scroll of recharging
 p - 4 scrolls of remove curse
 E - a scroll of magic mapping
 H - 3 scrolls of blinking
 I - 2 scrolls of fear
 J - 3 scrolls of teleportation
Potions
 a - 4 potions of brilliance
 g - 3 potions of lignification
 F - 2 potions of curing
 G - 3 potions of magic
 K - a potion of cure mutation
Books
 e - a book of Geomancy

   Spells                             Type                      Level
   a - Sandblast                      Earth                        1
   b - Passwall                       Transmutation/Earth          2
   c - Stone Arrow                    Conjuration/Earth            3
   d - Petrify                        Transmutation/Earth          4
   e - Lee's Rapid Deconstruction     Earth                        5
 z - a book of Necromancy

   Spells                             Type                      Level
   a - Pain                           Necromancy                   1
   b - Animate Skeleton               Necromancy                   1
   c - Vampiric Draining              Necromancy                   3
   d - Regeneration                   Charms/Necromancy            3
   e - Animate Dead                   Necromancy                   4
   f - Control Undead                 Necromancy                   4
 S - a book of Cantrips

   Spells                             Type                      Level
   a - Confusing Touch                Hexes                        1
   b - Animate Skeleton               Necromancy                   1
   c - Summon Small Mammal            Summoning                    1
   d - Apportation                    Translocation                1
Comestibles
 d - 6 bread rations
 h - 6 meat rations


   Skills:
 + Level 6.6 Fighting
 + Level 5.9 Maces & Flails
 + Level 5.9 Armour
 + Level 5.5 Dodging
 - Level 2.1 Stealth
 * Level 10.5 Spellcasting
 + Level 8.3 Conjurations
   Level 0.7 Transmutations
 + Level 10.5 Earth Magic
 + Level 4.1 Evocations


You had 23 spell levels left.
You knew the following spells:

 Your Spells              Type           Power        Failure   Level  Hunger
a - Sandblast             Erth           ######       1%          1    None
b - Stone Arrow           Conj/Erth      ######       1%          3    None
c - Lee's Rapid Deconstr  Erth           ######....   1%          5    ####...


Dungeon Overview and Level Annotations

Branches:
Dungeon (10/15)            Temple (1/1) D:5            Lair (3/6) D:8
    Orc (0/2) D:10
  Swamp: Lair:2-4    Shoals: Lair:2-4     Snake: Lair:2-4    Spider: Lair:2-4

Altars:
Ashenzari
Cheibriados
Dithmenos
Elyvilon
Fedhas
Gozag
Hepliaklqana
Kikubaaqudgha
Makhleb
Nemelex Xobeh
Okawaru
Qazlal
Ru
Sif Muna
Trog
Uskayaw
Vehumet
Xom
Yredelemnul
Zin
The Shining One

Shops:
D:6 (


Innate Abilities, Weirdness & Mutations

You are resistant to torment.
((Your stone body is resilient. (AC +8)))
You are immune to poison.
You resist negative energy. (rN+)
((You are resistant to electric shocks. (rElec)))
((You can survive without breathing.))
You are immune to petrification.
You are immune to rotting.
Your mind is acute. (Int +2)


Message History

* * * LOW HITPOINT WARNING * * *
The tyrant leech bites you but does no damage.
You miss the tyrant leech.
The tyrant leech is severely wounded.
You barely miss the tyrant leech. The tyrant leech bites you.
* * * LOW HITPOINT WARNING * * *
The tyrant leech bites you!
* * * LOW HITPOINT WARNING * * *
You feel better. The tyrant leech bites you!
* * * LOW HITPOINT WARNING * * *
The tyrant leech bites you!
* * * LOW HITPOINT WARNING * * *
Okay, then.
Evoke which item? (* to show all) (? for menu, Esc to quit)
Okay, then.
Unknown command.
You feel better.
Your transformation is almost over.
The tyrant leech bites you!
You die...

# ##. ♣ #.###..#. ##
§§ .....#..####
.#♣♣§§§ ...........#
##...§§
.......<...###.w.♣
....>......w##...♣
...........♣w.+...♣
...........###........
.......<...# ..#..P+P
.##.P.###..# #.####.#
#.# ##.# ## # # ###


You could see 2 tyrant leeches.

Vanquished Creatures
  Fannar (Lair:2)
  A hydra (Lair:2)
  Nergalle (Lair:1)
  The ghost of Gobser the Cudgeler, a novice DDFi (D:7)
  An ugly thing (D:10)
  An oklob plant (Lair:2)
  Psyche (D:8)
  2 black mambas
  The ghost of TZer0 the Thaumaturge, a novice DEFE (D:6)
  The ghost of Atenerus the Digger, a novice GrEE of Vehumet (D:5)
  2 spiny frogs (Lair:2)
  A rime drake (Lair:2)
  2 trolls (D:10)
  Prince Ribbit (Lair:2)
  A two-headed ogre (D:9)
  6 hippogriffs
  6 blink frogs (Lair:2)
  10 yaks
  A hungry ghost (D:9)
  Edmund (D:6)
  4 water moccasins
  8 porcupines
  2 orc warriors
  6 ice beasts
  A sky beast (D:9)
  A black bear (D:7)
  4 ogres
  5 phantoms
  5 wolves (Lair:1)
  7 centaurs
  2 crocodiles (Lair:2)
  6 big kobolds (D:10)
  7 bullfrogs
  2 gnoll sergeants (D:10)
  5 water moccasin zombies (Ossuary)
  2 scorpions
  4 killer bees (D:10)
  7 howler monkeys
  4 wights (D:6)
  2 bullfrog zombies
  7 crimson imps
  4 jellies
  3 centaur zombies
  2 orc priests
  2 gnoll shamans
  10 hounds
  A centaur skeleton (D:8)
  3 iguanas
  11 orc wizards
  10 worker ants
  A killer bee zombie (D:5)
  3 big kobold zombies (Ossuary)
  A hound skeleton (D:4)
  2 mummies (Ossuary)
  A howler monkey zombie (D:8)
  10 gnolls
  2 worker ant zombies
  9 adders
  3 shadow imps
  2 oozes (D:3)
  6 adder zombies
  An adder skeleton (D:7)
  3 worms
  2 dart slugs
  4 leopard geckos
  56 orcs
  6 giant cockroaches
  9 goblins
  7 hobgoblins
  7 jackals
  8 kobolds
  6 quokkas
  3 ball pythons
  A ball python skeleton (D:3)
  9 bats
  6 frilled lizards
  A giant cockroach zombie (D:3)
  4 gnoll zombies (Ossuary)
  4 hobgoblin zombies (Ossuary)
  A jackal skeleton (D:4)
  8 kobold zombies (Ossuary)
  A leopard gecko skeleton (D:4)
  2 orc zombies (Ossuary)
  A quokka skeleton (D:7)
  8 rats
377 creatures vanquished.

Vanquished Creatures (others)
  A fungus (Lair:3)
  A plant (Lair:2)
2 creatures vanquished.

Grand Total: 379 creatures vanquished

Notes
Turn   | Place    | Note
-------+----------+-------------------------------------------
     0 | D:1      | Atenerus the Gargoyle Earth Elementalist began the quest for the Orb.
     0 | D:1      | Reached XP level 1. HP: 10/10 MP: 3/3
   375 | D:1      | Reached XP level 2. HP: 15/15 MP: 1/5
   782 | D:2      | Reached XP level 3. HP: 19/19 MP: 4/7
   787 | D:2      | Learned a level 3 spell: Stone Arrow
  1369 | D:2      | Reached skill level 1 in Conjurations
  1369 | D:2      | Reached XP level 4. HP: 24/24 MP: 6/8
  1988 | D:3      | Found a hazy altar of Hepliaklqana.
  2030 | D:3      | Found an iron altar of Okawaru.
  2101 | D:3      | Found an opulent altar of Gozag.
  2250 | D:3      | Reached XP level 5. HP: 22/28 MP: 3/10
  3265 | D:4      | Noticed a phantom
  3282 | D:4      | Killed a phantom
  3282 | D:4      | Reached skill level 5 in Earth Magic
  3282 | D:4      | Reached XP level 6. HP: 32/32 MP: 3/12
  3896 | D:4      | Reached skill level 5 in Spellcasting
  3896 | D:4      | Reached XP level 7. HP: 35/36 MP: 4/14
  4610 | D:4      | Found a glowing golden altar of the Shining One.
  4620 | D:4      | Found a shattered altar of Ashenzari.
  5078 | D:5      | Entered Level 5 of the Dungeon
  5078 | D:5      | Found a staircase to the Ecumenical Temple.
  5085 | Temple   | Entered the Ecumenical Temple
  5320 | Temple   | Learned a level 5 spell: Lee's Rapid Deconstruction
  5992 | D:5      | Reached XP level 8. HP: 40/41 MP: 1/17
  5999 | D:5      | Noticed Atenerus's ghost (novice GrEE)
  6090 | D:5      | Killed Atenerus's ghost
  6090 | D:5      | Reached skill level 5 in Conjurations
  7169 | D:6      | Reached skill level 1 in Maces & Flails
  7194 | D:6      | Noticed TZer0's ghost (novice DEFE)
  7199 | D:6      | Killed TZer0's ghost
  7199 | D:6      | Reached skill level 1 in Fighting
  7199 | D:6      | Reached skill level 1 in Armour
  7199 | D:6      | Reached XP level 9. HP: 47/47 MP: 3/20
  7392 | D:6      | Noticed Edmund
  7399 | D:6      | Killed Edmund
  7593 | D:6      | Found a bloodstained altar of Trog.
  7691 | D:6      | Found Wirgheb's Weapon Shoppe.
  8849 | D:7      | Gained mutation: Your mind is acute. (Int +2) [potion of beneficial mutation]
  9117 | D:7      | Noticed Gobser's ghost (novice DDFi)
  9141 | D:7      | Killed Gobser's ghost
  9141 | D:7      | Reached XP level 10. HP: 30/56 MP: 3/22
  9562 | D:7      | HP: 1/56 [centaur/arrow (9)]
 10276 | D:8      | Noticed Psyche
 10284 | D:8      | Killed Psyche
 10566 | D:8      | Found a staircase to the Lair.
 10749 | D:8      | Found a sand-covered staircase.
 10754 | Ossuary  | Entered an ossuary
 11681 | D:9      | Reached skill level 1 in Evocations
 11862 | D:9      | Reached XP level 11. HP: 61/62 MP: 24/24
 11899 | D:9      | Found a basalt altar of Yredelemnul.
 12080 | D:9      | Got a dazzling spear
 12081 | D:9      | Identified the +5 spear of Eternal Vigilance {protect, rPois rC+ SInv} (You found it on level 9 of the Dungeon)
 12157 | D:9      | Found a radiant altar of Vehumet.
 12158 | D:9      | Found a burning altar of Makhleb.
 12165 | D:9      | Became a worshipper of Vehumet
 12432 | D:10     | Entered Level 10 of the Dungeon
 12736 | D:10     | Reached * piety under Vehumet
 12736 | D:10     | Offered knowledge of Magic Dart by Vehumet.
 12813 | D:10     | Found a staircase to the Orcish Mines.
 12824 | D:10     | Reached skill level 5 in Fighting
 13718 | D:10     | Found a deep blue altar of Sif Muna.
 13723 | D:10     | Reached ** piety under Vehumet
 13723 | D:10     | Offered knowledge of Shock by Vehumet.
 13796 | D:10     | Noticed a brown ugly thing
 13805 | D:10     | Killed a brown ugly thing
 14278 | Lair:1   | Entered Level 1 of the Lair of Beasts
 14454 | Lair:1   | Noticed Nergalle
 14474 | Lair:1   | Killed Nergalle
 14474 | Lair:1   | Reached skill level 5 in Armour
 14602 | Lair:1   | Reached skill level 5 in Maces & Flails
 14925 | Lair:1   | Reached skill level 10 in Spellcasting
 15147 | Lair:1   | Identified a scroll of acquirement
 15168 | Lair:1   | Reached skill level 10 in Earth Magic
 15588 | Lair:1   | Reached XP level 12. HP: 65/69 MP: 26/26
 15603 | Lair:1   | Reached skill level 5 in Dodging
 15923 | Lair:2   | Noticed Fannar
 15957 | Lair:2   | Killed Fannar
 16225 | Lair:2   | Offered knowledge of Static Discharge by Vehumet.
 16737 | Lair:2   | Found an opulent altar of Gozag.
 16878 | Lair:2   | Got a scorched granite ring
 16879 | Lair:2   | Identified the ring of the Aged Hells {rPois MR++ MP+9 Str-2 Dex+4} (You found it on level 2 of the Lair of Beasts)
 16889 | Lair:2   | Noticed Prince Ribbit
 16904 | Lair:2   | Killed Prince Ribbit
 17266 | Lair:2   | Noticed an eight-headed hydra
 17275 | Lair:2   | Killed an eight-headed hydra
 17580 | Lair:3   | Slain by a tyrant leech

Vault maps used:
D:1:      scummos_arrival_simple_crosswalls, minmay_misc_feat_diagonals
D:2:      first_bread, kennysheep_generic_room_13
D:3:      kennysheep_big_flooded_room, lemuel_round_altar, lemuel_crystal_altar,
          okawaru_metal_pillars_1_2
D:4:      amethyst_overflow_temple_binary
D:5:      dk_rats_in_the_wall
D:6:      marbit_many_paths, serial_shops, shop, uniq_edmund
D:7:      enter_bailey_3
D:8:      lair_0_dummy, enter_ossuary_2, uniq_psyche
D:9:      grunt_temple_overflow_lords_of_destruction, kennysheep_mini_moat
D:10:     wad_pebble_path, kennysheep_orc_monster_closet_entryway, basic_altar
Temple:   oiseaux_autumnal_temple
Lair:1:   uniq_nergalle
Lair:2:   lemuel_oklob_altar, grunt_megastairs_3, uniq_prince_ribbit2,
          uniq_fannar
Lair:3:   minmay_swamp_entry_worms, dummy_spider_entry
Ossuary:  ossuary_tomb_2

Skill      XL: |  1  2  3  4  5  6  7  8  9 10 11 12 |
---------------+-------------------------------------+-----
Earth Magic    | 4 5 6 7 8 9 10 | 10.5
Spellcasting   | 3 4 5 6 7 8 9 10 | 10.5
Conjurations   | 1 2 3 4 5 6 7 8 |  8.3
Maces & Flails | 1 3 4 5 |  5.9
Dodging        | 2 3 4 5 |  5.5
Fighting       | 1 3 4 5 6 |  6.6
Armour         | 1 3 4 5 |  5.9
Evocations     | 1 3 4 |  4.1
Stealth        | |  2.1
Transmutations | |  0.7

Action                   |  1- 3 |  4- 6 |  7- 9 | 10-12 || total
-------------------------+-------+-------+-------+-------++-------
Melee: Short sword       |    33 |       |       |       ||    33
       Mace              |       |    99 |   108 |       ||   207
       Staff             |       |    11 |       |       ||    11
       Hand axe          |       |       |   118 |   534 ||   652
 Cast: Sandblast         |    28 |    50 |     2 |       ||    80
       Stone Arrow       |       |     9 |    56 |    95 ||   160
       Lee's Rapid Decon |       |       |     9 |    10 ||    19
Evoke: Wand              |       |       |     1 |     7 ||     8
  Use: Scroll            |       |    12 |     8 |    15 ||    35
       Potion            |       |     4 |     9 |    11 ||    24
 Stab: Sleeping          |     3 |     1 |     4 |     9 ||    17
       Invisible         |       |       |       |     3 ||     3
  Eat: Chunk             |     2 |     6 |     9 |    25 ||    42
       Fruit             |       |     3 |     1 |     3 ||     7
       Bread ration      |       |       |     2 |       ||     2
       Royal jelly       |       |       |     1 |       ||     1
       Pizza             |       |       |       |     1 ||     1
       Beef jerky        |       |       |       |     1 ||     1
Armor: Robe              |    15 |    92 |   132 |   274 ||   513
       Skin              |       |       |       |     6 ||     6
Dodge: Dodged            |    20 |   150 |   184 |   409 ||   763
Block: Other             |       |       |       |    57 ||    57
